 Dungeon Sprint DCSS version 0.30.0-29-ga12c61a403 (webtiles) character file.

Game seed: 9150113209844621465

34990 boopmooplesden the Hoplite (level 13, -6/201 HPs)
             Began as a Minotaur Berserker on June 19, 2023.
             Was a High Priest of Trog.
             Hit by a tormentor thrown by iron giant (9 damage)
             ... in the Dungeon (Sprint V: "Ziggurat Sprint").
             The game lasted 00:06:03 (1351 turns).

boopmooplesden the Hoplite (Minotaur Berserker)     Turns: 1351, Time: 00:06:04

Health: -6/201     AC: 30    Str: 33    XL:     13   Next: 45%
Magic:  12/12      EV: 10    Int:  4    God:    Trog [*****.]
Gold:   0          SH: 26    Dex: 16    Spells: 12/12 levels left

rFire   + + +        k - +5 demon trident (drain)
rCold   + + .        j - +3 tower shield
rNeg    + . .        i - +5 gold dragon scales
rPois   +            V - -2 hat of the Alchemist {rElec rPois rF+ rC+ rN+ Will+ rMut rCorr}
rElec   +            (no cloak)
rCorr   +            J - +1 pair of gloves {Stlth+}
SInv    +            K - +1 pair of boots {rampage}
Will    +....        (no amulet) Stlth
                     G - ring of Riadghy {rF+ Str+6 SInv}
HPRegen 0.53/turn    v - +6 ring of dexterity
MPRegen 0.13/turn

%: no teleportation, resist mutation, rampage
@: berserking, lethally poisoned (-6 -> -7), very quick
A: horns 2, retaliatory headbutt
a: Renounce Religion, Berserk, Trog's Hand, Brothers in Arms


You were in the Dungeon.
You worshipped Trog.
Trog was extremely pleased with you.
You visited 1 branch

Inventory:

Hand Weapons
 a - a +0 spear of electrocution
 k - a +5 demon trident of draining (weapon)
 D - the +0 morningstar of Duty {speed, Fragile rElec Int-5 Dex+4}
   (You found it in the Dungeon)

   Int:       It affects your intelligence (-5).
   Dex:       It affects your dexterity (+4).
   rElec:     It insulates you from electricity.
   Fragile:   It will be destroyed if unequipped.
 H - a +3 antimagic glaive
 R - the +7 dagger of Capital Punishment {protect, rF- rC+ Str+3}
   (You found it in the Dungeon)

   Str:       It affects your strength (+3).
   rF:        It makes you vulnerable to fire.
   rC:        It protects you from cold.
Armour
 b - a +0 animal skin
 i - +5 gold dragon scales (worn)
 j - a +3 tower shield (worn)
 J - a +1 pair of gloves of stealth (worn)
 K - a +1 pair of boots of rampaging (worn)
 V - the -2 hat of the Alchemist (worn) {rElec rPois rF+ rC+ rN+ Will+ rMut rCorr}
   (You found it in the Dungeon)

   rF:        It protects you from fire.
   rC:        It protects you from cold.
   rElec:     It insulates you from electricity.
   rPois:     It protects you from poison.
   rN:        It protects you from negative energy.
   rCorr:     It protects you from acid and corrosion.
   rMut:      It protects you from mutation.
   Will:      It increases your willpower.
Jewellery
 u - a ring of flight
 v - a +6 ring of dexterity (right hand)
 w - a +6 ring of dexterity
 x - a +6 ring of intelligence
 y - a +6 ring of intelligence
 z - a +6 ring of strength
 A - a +6 ring of strength
 E - an amulet of faith
 F - the ring "Tiogh" {rPois Dex+3}
   (You found it in the Dungeon)

   [ring of poison resistance]

   Dex:       It affects your dexterity (+3).
   rPois:     It protects you from poison.
 G - the ring of Riadghy (left hand) {rF+ Str+6 SInv}
   (You found it in the Dungeon)

   [ring of strength]

   Str:       It affects your strength (+6).
   rF:        It protects you from fire.
   SInv:      It lets you see invisible.
 I - an amulet of magic regeneration
 L - the ring "Ulauhi Eleo" {Str+6 Dex+2}
   (You found it in the Dungeon)

   [ring of strength]

   Str:       It affects your strength (+6).
   Dex:       It affects your dexterity (+2).
 N - a +6 ring of intelligence
 O - a ring of magical power
 S - a +6 ring of dexterity
 T - the ring "Datet" {rN+ EV+5}
   (You found it in the Dungeon)

   [ring of evasion]

   EV:        It affects your evasion (+5).
   rN:        It protects you from negative energy.
 U - the ring "Ruetaaf" {Wiz Str+3}
   (You found it in the Dungeon)

   [ring of wizardry]

   It improves your spell success rate.
   Str:       It affects your strength (+3).
 W - a +5 ring of evasion
 X - a ring of positive energy
 Z - the ring of Circularity {rC+ EV+5}
   (You found it in the Dungeon)

   [ring of evasion]

   EV:        It affects your evasion (+5).
   rC:        It protects you from cold.
Wands
 s - a wand of mindburst (17)
 t - a wand of quicksilver (12)
 B - a wand of roots (14)
 M - a wand of flame (6)
 P - a wand of polymorph (10)
 Q - a wand of paralysis (10)
Scrolls
 h - 4 scrolls of blinking
 p - 7 scrolls of fog
 q - 5 scrolls of identify
 r - 2 scrolls of fear
 Y - a scroll of brand weapon
Potions
 c - 10 potions of curing
 d - 8 potions of heal wounds
 e - 6 potions of haste
 f - 7 potions of magic
 g - 3 potions of berserk rage
 l - 2 potions of invisibility
 m - 4 potions of resistance
 o - 5 potions of might
Miscellaneous
 C - a piece from Xom's chessboard (15/15)


   Skills:
 + Level 17.9 Fighting
 + Level 19.6 Polearms
 + Level 18.6 Armour
 + Level 6.0 Dodging
 + Level 2.2 Stealth
 + Level 21.6 Shields


You had 12 spell levels left.
You didn't know any spells.
Your spell library was empty.

Dungeon Overview and Level Annotations

Branches:
Dungeon (1/1)

Altars:
Ashenzari
Cheibriados
Dithmenos
Elyvilon
Fedhas
Gozag
Hepliaklqana
Kikubaaqudgha
Makhleb
Nemelex Xobeh
Okawaru
Qazlal
Ru
Sif Muna
Trog
Uskayaw
Vehumet
Wu Jian
Xom
Yredelemnul
Zin
The Shining One
Jiyva
Lugonu


Innate Abilities, Weirdness & Mutations

You have a pair of horns on your head.
You reflexively headbutt those who attack you in melee.


Message History

The spray of metal splinters hits you but does no damage.
You puncture the war gargoyle!
You destroy the war gargoyle!
Trog accepts your kill. Trog grants you a weapon!
Something appears at your feet!
You see here a +2 heavy trident.
You feel sick.
You impale the war gargoyle!!
The war gargoyle is almost destroyed.
You puncture the war gargoyle!
You destroy the war gargoyle!
Trog accepts your kill.
You feel sick.
You hit the war gargoyle but do no damage.
You headbutt the war gargoyle, but do no damage.
You block the war gargoyle's attack.
The tormentor calls on the powers of darkness!
The iron giant convulses!
Your body is wracked with pain!
* * * LOW HITPOINT WARNING * * *
You hit the war gargoyle but do no damage.
Your headbutt misses the war gargoyle.
You feel sick. You block the war gargoyle's attack.
The war gargoyle hits you with a +0 flail of holy wrath.
* * * LOW HITPOINT WARNING * * *
Unknown command.
You puncture the war gargoyle!
The war gargoyle is moderately damaged.
The tormentor says, "I know a thousand and one ways to kill you."
The tormentor calls on the powers of darkness!
The iron giant convulses!
Your body is wracked with pain!
* * * LOW HITPOINT WARNING * * *
You puncture the war gargoyle!
The war gargoyle is heavily damaged.
You feel sick. You block the war gargoyle's attack. x2
You hit the war gargoyle.
The war gargoyle is heavily damaged.
You barely miss the war gargoyle.
The war gargoyle is heavily damaged.
You feel sick. You block the war gargoyle's attack. x2
The iron giant throws the tormentor at you!
You die...

▓...)[z[|)..▓...©....▓...©.
▓......9....▓▓▓▓▓▓▓▓▓▓▓▓▓▓▓
▓.......9z..▓...8©8...▓..8©
▓...........▓..[.[)...▓..).
▓...........▓....):...▓...)
..▓.....▓.9▓.........▓....
▓.▓...▓2▓.▓.........▓....
▓..▓...Cz▓9.▓.........▓....
▓.....©299@2▓.......))▓....
▓▓▓▓▓▓▓▓▓▓▓▓▓.▓.....▓.▓.▓..
▓....8©8....▓....©.)))▓...©
▓...|.=[....▓▓▓▓▓▓▓▓▓▓▓▓▓▓▓
▓...........▓...8©8...▓..8©
▓...........▓..)||....▓...)
▓.....))....▓...)|....▓..[)
▓....)))....▓.........▓....
▓....)......▓.........▓....


You could see 2 iron golems, an iron giant, an ancient champion (fast), 2 war
gargoyles, a hellion and 2 tormentors.

Vanquished Creatures
  A lich (D)
  A stone giant (D)
  3 war gargoyles (D)
  A vampire knight (D)
  A white draconian (D)
  3 vault guards (D)
  A necromancer (D)
  2 black mambas (D)
  2 naga magi (D)
  3 rime drakes (D)
  A yaktaur (D)
  5 komodo dragons (D)
  2 blink frogs (D)
  Sigmund (D)
  A shadow (D)
  3 wyverns (D)
  A basilisk (D)
  An acid dragon (D)
  2 water moccasins (D)
  A black bear (D)
  2 wolves (D)
  2 small abominations (D)
  6 bullfrogs (D)
  2 necrophages (D)
  4 scorpions (D)
  2 wights (D)
  3 crimson imps (D)
  A quasit (D)
  An iron imp (D)
  Jessica (D)
  5 adders (D)
  A shadow imp (D)
  A white imp (D)
  2 ufetubi (D)
  2 bat skeletons (D)
  A bat zombie (D)
  4 ball pythons (D)
  A ball python zombie (D)
77 creatures vanquished.

Vanquished Creatures (collateral kills)
  A vampire knight (D)
  A red draconian (D)
  A purple draconian (D)
  5 vault guards (D)
  4 draconians (D)
  A vampire (D)
13 creatures vanquished.

Grand Total: 90 creatures vanquished

Notes
Turn   | Place    | Note
-------+----------+-------------------------------------------
     0 | D        | boopmooplesden the Minotaur Berserker began the quest for
                  | the Orb.
     0 | D        | Reached XP level 1. HP: 19/19 MP: 0/0
    13 | D        | Found a blossoming altar of Fedhas.
    13 | D        | Found the +6 Majin-Bo {spellvamp, MP+6 Int+6}
    13 | D        | Found the +27 heavy crossbow "Sniper" {heavy, Acc+∞ SInv}
    13 | D        | Found the +10 dark maul {heavy}
    13 | D        | Found the +15 Maxwell's patent armour {-Cast -Tele rElec
                  | Will+ rCorr}
    13 | D        | Found the +18 shield of the Gong {Loud rN+ Will+ rCorr
                  | EV-5}
    13 | D        | Found the +16 obsidian axe {drain, demonic, Mesm Drain Fly
                  | SInv}
    13 | D        | Found the +7 great mace "Firestarter" {flame, immolate,
                  | rFlCloud rF++}
    13 | D        | Found the +6 shillelagh "Devastator" {shatter}
    13 | D        | Found the +11 plutonium sword {Contam Stlth-}
    13 | D        | Found the +8 lance "Wyrmbane" {slay drac, rPois rF+ rC+
                  | AC+3}
    13 | D        | Found the +9 sword of Zonguldrok {reap}
    13 | D        | Found the +13 scythe of Curses {drain, curses, Drain}
    13 | D        | Found the +9 sword of Power {lifebolt}
    13 | D        | Found the +7 mace of Variability {chaos, chaos arc}
    13 | D        | Found the +11 Singing Sword {sonic wave}
    13 | D        | Found the +8 storm bow {elec, penet}
    20 | D        | Found a viscous altar of Jiyva.
    20 | D        | Found a hazy altar of Hepliaklqana.
    20 | D        | Found a transporter.
    20 | D        | Found an opulent altar of Gozag.
    20 | D        | Found an ancient bone altar of Kikubaaqudgha.
    20 | D        | Found a corrupted altar of Lugonu.
    26 | D        | Found a burning altar of Makhleb.
    27 | D        | Found a shimmering blue altar of Sif Muna.
    27 | D        | Found a sacrificial altar of Ru.
    27 | D        | Found a bloodstained altar of Trog.
    27 | D        | Found a stormy altar of Qazlal.
    27 | D        | Found an iron altar of Okawaru.
    27 | D        | Found a sparkling altar of Nemelex Xobeh.
    47 | D        | Entered arena 2.
    47 | D        | Noticed Sigmund
    47 | D        | Noticed Jessica
    47 | D        | Found a transporter.
    49 | D        | Killed Jessica
    50 | D        | Reached skill level 5 in Fighting
    50 | D        | Reached skill level 5 in Polearms
    50 | D        | Reached XP level 2. HP: 30/30 MP: 1/1
    53 | D        | Killed Sigmund
    53 | D        | Reached ** piety under Trog
    54 | D        | Reached XP level 3. HP: 42/42 MP: 2/2
    54 | D        | Reached XP level 4. HP: 50/50 MP: 3/3
    54 | D        | Reached XP level 5. HP: 57/57 MP: 4/4
   149 | D        | Entered arena 3.
   149 | D        | Noticed a wolf
   149 | D        | Noticed a black bear
   149 | D        | Noticed a wolf
   149 | D        | Found a transporter.
   151 | D        | Killed a wolf
   152 | D        | Reached skill level 10 in Fighting
   152 | D        | Reached skill level 10 in Polearms
   152 | D        | Reached skill level 5 in Armour
   152 | D        | Reached XP level 6. HP: 63/66 MP: 5/5
   154 | D        | Reached skill level 5 in Dodging
   156 | D        | Reached skill level 1 in Shields
   162 | D        | Entered arena 4.
   162 | D        | Found a transporter.
   167 | D        | Reached *** piety under Trog
   176 | D        | Entered arena 5.
   176 | D        | Found a transporter.
   185 | D        | Reached XP level 7. HP: 74/74 MP: 6/6
   185 | D        | Reached **** piety under Trog
   186 | D        | Reached skill level 2 in Shields
   188 | D        | Reached skill level 3 in Shields
   197 | D        | Got the +0 morningstar of Duty {speed, Fragile rElec Int-5
                  | Dex+4}
   199 | D        | Entered arena 6.
   199 | D        | Found a transporter.
   201 | D        | Reached ***** piety under Trog
   207 | D        | Received a gift from Trog
   208 | D        | Reached skill level 4 in Shields
   216 | D        | Got the ring "Tiogh" {rPois Dex+3}
   218 | D        | Got the ring of Riadghy {rF+ Str+6 SInv}
   228 | D        | Entered arena 7.
   228 | D        | Noticed a wyvern
   228 | D        | Noticed a rime drake
   228 | D        | Noticed a rime drake
   228 | D        | Noticed a rime drake
   228 | D        | Noticed a wyvern
   238 | D        | Killed a rime drake
   239 | D        | Reached skill level 5 in Shields
   239 | D        | Reached XP level 8. HP: 80/85 MP: 7/7
   240 | D        | Reached skill level 6 in Shields
   242 | D        | Reached skill level 7 in Shields
   244 | D        | Killed a rime drake
   245 | D        | Reached skill level 8 in Shields
   246 | D        | Killed a rime drake
   246 | D        | Received a gift from Trog
   247 | D        | Reached skill level 10 in Armour
   249 | D        | Reached skill level 9 in Shields
   249 | D        | Reached XP level 9. HP: 89/93 MP: 8/8
   249 | D        | Found a transporter.
   298 | D        | Entered arena 8.
   298 | D        | Noticed a komodo dragon
   298 | D        | Noticed a komodo dragon
   298 | D        | Noticed a komodo dragon
   300 | D        | Found a transporter.
   307 | D        | Killed a komodo dragon
   308 | D        | Reached skill level 10 in Shields
   309 | D        | Killed a komodo dragon
   310 | D        | Reached skill level 15 in Polearms
   311 | D        | Killed a komodo dragon
   312 | D        | Reached skill level 11 in Shields
   333 | D        | Entered arena 9.
   333 | D        | Noticed a draconian
   333 | D        | Noticed a draconian
   333 | D        | Noticed a white draconian
   333 | D        | Noticed a draconian
   333 | D        | Noticed a red draconian
   333 | D        | Noticed a purple draconian
   333 | D        | Noticed a draconian
   342 | D        | Killed a draconian
   345 | D        | Killed a draconian
   345 | D        | Received a gift from Trog
   346 | D        | Reached skill level 12 in Shields
   348 | D        | Killed a purple draconian
   349 | D        | Reached skill level 13 in Shields
   349 | D        | Reached XP level 10. HP: 55/104 MP: 9/9
   349 | D        | Killed a red draconian
   354 | D        | Killed a white draconian
   355 | D        | Reached skill level 14 in Shields
   355 | D        | Found a transporter.
   355 | D        | Killed a draconian
   356 | D        | Reached skill level 15 in Fighting
   359 | D        | Killed a draconian
   500 | D        | Got the ring "Ulauhi Eleo" {Str+6 Dex+2}
   505 | D        | Entered arena 10.
   507 | D        | Found a transporter.
   513 | D        | Reached skill level 15 in Shields
   522 | D        | Received a gift from Trog
   675 | D        | Entered arena 11.
   675 | D        | Noticed a naga mage
   675 | D        | Noticed a black mamba
   675 | D        | Noticed a naga mage
   682 | D        | Killed a black mamba
   685 | D        | Found a transporter.
   688 | D        | Killed a naga mage
   688 | D        | Received a gift from Trog
   689 | D        | Reached skill level 1 in Stealth
   691 | D        | Killed a naga mage
   692 | D        | Reached XP level 11. HP: 113/113 MP: 10/10
   695 | D        | Reached ****** piety under Trog
   736 | D        | Entered arena 12.
   736 | D        | Noticed a vault guard
   736 | D        | Noticed a vault guard
   736 | D        | Noticed a vault guard
   736 | D        | Noticed a vault guard
   736 | D        | Noticed a vault guard
   736 | D        | Noticed a stone giant
   736 | D        | Noticed a vault guard
   736 | D        | Noticed a vault guard
   736 | D        | Noticed a vault guard
   739 | D        | Found the +3 salamander hide armour {Flames, rFlCloud rF++
                  | rC--}
   739 | D        | Found a transporter.
   743 | D        | Killed a vault guard
   744 | D        | Reached skill level 16 in Shields
   744 | D        | Killed a vault guard
   766 | D        | Killed a stone giant
   766 | D        | Received a gift from Trog
   768 | D        | HP: 5/114 [vault guard/+0 glaive (13)]
   770 | D        | Killed a vault guard
   771 | D        | Reached skill level 15 in Armour
   771 | D        | Reached skill level 17 in Shields
   772 | D        | Killed a vault guard
   772 | D        | Killed a vault guard
   775 | D        | Killed a vault guard
   776 | D        | Reached skill level 18 in Shields
   776 | D        | Killed a vault guard
   779 | D        | Killed a vault guard
   779 | D        | Received a gift from Trog
   984 | D        | Got the +7 dagger of Capital Punishment {protect, rF- rC+
                  | Str+3}
   989 | D        | Entered arena 13.
   991 | D        | Found the -2 hat of the Alchemist {rElec rPois rF+ rC+ rN+
                  | Will+ rMut rCorr}
   991 | D        | Found a transporter.
  1009 | D        | Reached skill level 19 in Shields
  1021 | D        | Reached XP level 12. HP: 121/125 MP: 11/11
  1030 | D        | Got the ring "Datet" {rN+ EV+5}
  1034 | D        | Got the ring "Ruetaaf" {Wiz Str+3}
  1055 | D        | Entered arena 14.
  1056 | D        | Noticed a vampire knight
  1056 | D        | Noticed a vampire knight
  1056 | D        | Noticed a lich
  1057 | D        | Found a transporter.
  1072 | D        | Killed a lich
  1075 | D        | Killed a vampire knight
  1075 | D        | Received a gift from Trog
  1076 | D        | Reached skill level 20 in Shields
  1091 | D        | Received a gift from Trog
  1095 | D        | HP: 2/122 [vampire knight/+0 battleaxe (9)]
  1099 | D        | Killed a vampire knight
  1123 | D        | Got the ring of Circularity {rC+ EV+5}
  1138 | D        | Reached XP level 13. HP: 54/134 MP: 12/12
  1327 | D        | Entered arena 15.
  1328 | D        | Noticed a war gargoyle
  1328 | D        | Noticed an iron giant
  1328 | D        | Noticed a war gargoyle
  1328 | D        | Noticed a war gargoyle
  1328 | D        | Noticed an ancient champion
  1328 | D        | Noticed an iron golem
  1328 | D        | Noticed a war gargoyle
  1328 | D        | Noticed a war gargoyle
  1328 | D        | Noticed an iron golem
  1330 | D        | Noticed an ancient champion
  1339 | D        | Killed a war gargoyle
  1340 | D        | Reached skill level 21 in Shields
  1343 | D        | Killed a war gargoyle
  1343 | D        | Received a gift from Trog
  1345 | D        | Killed a war gargoyle
  1347 | D        | HP: 7/201 [war gargoyle/+0 flail of holy wrath (4)]
  1351 | D        | HP: 3/201 [poisoned by a war gargoyle]
  1351 | D        | Hit by a tormentor thrown by iron giant

Illustrated notes

Levels and vault maps discovered:
D:        sprint_v [room_start, room_1, room_2, room_3, room_4, room_5, room_6,
          room_7, room_8, room_9, room_10, room_11, room_12, room_13, room_14,
          room_15, room_16, room_17, room_18, room_19, room_20, room_21,
          room_22, room_23, room_24, room_25, room_26, room_27]

Skill      XL: |  1  2  3  4  5  6  7  8  9 10 11 12 13 |
---------------+----------------------------------------+-----
Fighting       | 5 9 10 11 12 13 14 15 17 | 17.9
Polearms       | 5 9 10 11 13 14 16 17 19 | 19.6
Armour         | 3 4 5 6 8 10 12 14 17 18 | 18.6
Dodging        | 3 4 5 6 |  6.0
Shields        | 1 5 9 13 15 19 20 21 | 21.6
Stealth        | 1 2 |  2.2

Action                     |  1- 3 |  4- 6 |  7- 9 | 10-12 | 13-15 || total
---------------------------+-------+-------+-------+-------+-------++-------
  Melee: Demon trident     |     4 |    16 |    50 |   123 |    18 ||   211
         Headbutt          |       |     1 |     8 |    24 |     6 ||    39
 Invoke: Berserk           |     1 |     1 |     2 |     5 |     1 ||    10
         Brothers in Arms  |       |       |     1 |     4 |       ||     5
         Trog's Hand       |       |       |       |     3 |       ||     3
    Use: Potion            |       |       |       |     7 |       ||     7
         Scroll            |       |       |       |     2 |       ||     2
   Stab: Distracted        |       |       |       |     1 |       ||     1
 Armour: Gold dragon scale |       |    15 |    15 |   116 |     6 ||   152
  Dodge: Dodged            |       |     5 |    10 |    48 |       ||    63
  Block: Tower shield      |     1 |    25 |    59 |   237 |    11 ||   333
